 Dungeon Sprint DCSS version 0.29.1-12-g30fa7ad0bf (webtiles) character file.

Game seed: 9071414969026229293

0 retardedninja the Trooper (level 1, -1/20 HPs)
             Began as a Hill Orc Fighter on Dec 19, 2022.
             Killed from afar by Sigmund (8 damage)
             ... with a puff of flame
             ... in the Dungeon (Sprint VI: "Thunderdome").
             The game lasted 00:00:11 (32 turns).

retardedninja the Trooper (Hill Orc Fighter)          Turns: 32, Time: 00:00:12

Health: -1/20      AC:  6    Str: 18    XL:     1   Next: 20%
Magic:  1/1        EV:  9    Int:  8    God:
Gold:   0          SH:  0    Dex: 10    Spells: 0/0 levels left

rFire   . . .      SeeInvis .   a - +0 war axe
rCold   . . .      Faith    .   c - +0 buckler
rNeg    . . .      Spirit   .   b - +0 scale mail
rPois   .          Reflect  .   (no helmet)
rElec   .          Harm     .   (no cloak)
rCorr   .          Rampage  .   (no gloves)
Will    .....      NoTele   +   (no boots)
Stlth   ..........              (no amulet)
HPRegen 0.06/turn               (no ring)
MPRegen 0.07/turn               (no ring)

@: confused, mighty
A: no striking features
a: no special abilities


You were in the Dungeon.
You visited 1 branch

Inventory:

Hand Weapons
 a - a +0 war axe (weapon)
Armour
 b - a +0 scale mail (worn)
 c - a +0 buckler (worn)
Scrolls
 j - a scroll of blinking
Potions
 e - a potion of curing
 f - a potion of heal wounds
 g - a potion of haste
 h - 2 potions of magic
 i - a potion of berserk rage


   Skills:
 + Level 3.9 Fighting
 + Level 2.9 Axes
 + Level 3.5 Armour
 + Level 3.5 Shields


You couldn't memorise any spells.
You didn't know any spells.
Your spell library was empty.

Dungeon Overview and Level Annotations

Branches:
Dungeon (1/1)

Altars:
Cheibriados
Dithmenos
Fedhas
Makhleb
Okawaru
Qazlal
Ru
Sif Muna
Uskayaw
Wu Jian
Xom
Yredelemnul
Beogh
Lugonu

Shops:
D *[???:(

Annotations:
D Sigmund


Message History

Found Bana's Magic Scroll Shop and Gatupuog's Staff Store.
Found a stormy altar of Qazlal and a basalt altar of Yredelemnul.
Get ready!
Found Yziuf's Magic Scroll Shop and Osmu's Must-Have Magic.
ROUND 1!
FIGHT!
You sense a tension in the west.
A quokka comes into view.
Found a blossoming altar of Fedhas.
Found a shadowy altar of Dithmenos.
The quokka closely misses you.
You hit the quokka.
The quokka is heavily wounded.
You block the quokka's attack.
You barely miss the quokka.
The quokka is heavily wounded.
The quokka bites you but does no damage.
The quokka barely misses you.
You barely miss the quokka.
The quokka is moderately wounded.
The quokka bites you. You block the quokka's attack.
You hit the quokka.
You kill the quokka!
You see here a quokka corpse.
Found a hide-covered altar of Uskayaw.
Found Oxereac's Jewellery and Qetwuruej's Advanced Armour.
Sigmund the Dreaded comes into view.
He is wielding a +0 scythe and wearing a +1 robe of the Archmagi.
Found Mess's Identification Station.
Found three altars.
Sigmund shouts!
Sigmund mumbles some strange words.
Sigmund flickers and vanishes!
Deactivating autopickup; reactivate with Ctrl-A.
You hear some strange, mumbled words.
You are confused.
Something hits you.
You feel very mighty all of a sudden. Something hits you.
You hear some strange, mumbled words.
A puff of flame appears from out of thin air!
The puff of flame hits you!
You die...

#_......._# #_......._#
#_......._#
###.........###
#⌠.....†.....⌠#
######.8.........8.#
##.___......###......
###∩........8.# #.8....
#....{@.......###......
#⌠..........###...###...
#⌠..........# #.<.# ...
#⌠..........# #...# ...
##.............###..
###∩........8.# .8..
##∩___......# .....
######.8.... ..8.#
#⌠..... ..⌠#


There were no monsters in sight!

Vanquished Creatures
  A quokka (D)
1 creature vanquished.

Notes
Turn   | Place    | Note
-------+----------+-------------------------------------------
     0 | D        | retardedninja the Hill Orc Fighter began the quest for the
                  | Orb.
     0 | D        | Reached XP level 1. HP: 19/19 MP: 1/1
     0 | D        | Found a roughly hewn altar of Beogh.
     0 | D        | Found an ornate altar of the Wu Jian Council.
     1 | D        | Found a shimmering blue altar of Sif Muna.
     1 | D        | Found a sacrificial altar of Ru.
     2 | D        | Found an iron altar of Okawaru.
     2 | D        | Found a corrupted altar of Lugonu.
     3 | D        | Found a stormy altar of Qazlal.
     3 | D        | Found a basalt altar of Yredelemnul.
     3 | D        | Found Bana's Magic Scroll Shop.
     3 | D        | Found Gatupuog's Staff Store.
     4 | D        | Found Yziuf's Magic Scroll Shop.
     4 | D        | Found Osmu's Must-Have Magic.
     5 | D        | Round 1.
     9 | D        | Found a blossoming altar of Fedhas.
    10 | D        | Found a shadowy altar of Dithmenos.
    21 | D        | Found a hide-covered altar of Uskayaw.
    24 | D        | Found Oxereac's Jewellery.
    24 | D        | Found Qetwuruej's Advanced Armour.
    24 | D        | Noticed Sigmund
    25 | D        | Found a shimmering altar of Xom.
    25 | D        | Found a snail-covered altar of Cheibriados.
    25 | D        | Found a burning altar of Makhleb.
    25 | D        | Found Mess's Identification Station.
    32 | D        | Killed from afar by Sigmund

Illustrated notes

Levels and vault maps discovered:
D:        arena_sprint

Action                   || total
-------------------------++-------
Melee: War axe           ||     4
  Use: Potion            ||     1
Armor: Scale mail        ||     1
Dodge: Dodged            ||     2
Block: Buckler           ||     2
